 Dungeon Crawl Stone Soup version 0.23.2-1-ga50397a (webtiles) character file.

Game seed: 25188632049853250

97836 Kairos the Impaler (level 16, 0/131 HPs)
             Began as a Formicid Fighter on Apr 18, 2019.
             Was the Champion of Okawaru.
             Killed from afar by a swamp worm (5 damage)
             ... with a harpoon shot
             ... called by a spriggan druid
             ... on level 3 of the Swamp.
             The game lasted 00:57:58 (24304 turns).

Kairos the Impaler (Formicid Fighter)              Turns: 24304, Time: 00:57:59

Health: 0/131      AC: 24    Str: 32    XL:     16   Next: 71%
Magic:  18/22      EV: 24    Int:  9    God:    Okawaru [******]
Gold:   1864       SH: 22    Dex: 18    Spells: 12/15 levels left

rFire    . . .     SeeInvis +   b - +6 demon trident (elec)
rCold    + . .     Gourm    .   c - +2 shield
rNeg     . . .     Faith    .   i - +0 plate armour {MR+}
rPois    .         Spirit   .   (helmet unavailable)
rElec    .         Reflect  +   M - +0 cloak
rCorr    .         Harm     .   Z - +2 pair of gloves {Dex+3}
MR       ++...                  H - +0 pair of boots
Stlth    +.........             S - +5 amulet of reflection
HPRegen  0.31/turn              h - +3 ring of evasion
MPRegen  0.18/turn              G - ring of protection from cold

@: mighty, agile, lethally poisoned (0 -> -5), heroism, finesse, studying
Dodging
A: permanent stasis, dig shafts and tunnels, four strong arms, antennae 3
a: Dig, Shaft Self, Heroism, Finesse, Renounce Religion


You were on level 3 of the Swamp.
You worshipped Okawaru.
Okawaru was exalted by your worship.
You were hungry.

You visited 4 branches of the dungeon, and saw 24 of its levels.

You collected 1864 gold pieces.

Inventory:

Hand Weapons
 b - a +6 demon trident of electrocution (weapon)
 Q - a +4 glaive of venom
Missiles
 v - 26 tomahawks (quivered)
 D - 2 throwing nets
Armour
 c - a +2 shield (worn)
 i - a +0 plate armour of magic resistance (worn)
 C - a +0 scale mail of fire resistance
 H - a +0 pair of boots (worn)
 M - a +0 cloak (worn)
 P - the +0 pair of gloves "Uske" {rCorr}
   (Okawaru gifted it to you on level 11 of the Dungeon)

   It provides partial protection from all sources of acid and corrosion.
 V - the +6 scale mail "Ocluty Icho" {rC+ Dex+2}
   (Okawaru gifted it to you on level 13 of the Dungeon)

   It affects your dexterity (+2).
   It protects you from cold.
 Z - a +2 pair of gloves of dexterity (worn)
Jewellery
 h - a +3 ring of evasion (left hand)
 B - an uncursed ring of flight
 G - a ring of protection from cold (right hand)
 K - an uncursed ring of poison resistance
 R - an uncursed ring of resist corrosion
 S - a +5 amulet of reflection (around neck)
 W - an uncursed ring of protection from magic
 Y - an uncursed amulet of regeneration
Wands
 k - a wand of acid (6)
 o - a wand of random effects (40)
 u - a wand of digging (29)
 A - a wand of polymorph (21)
 E - a wand of paralysis (5)
 I - a wand of flame (43)
 N - a wand of scattershot (4)
Scrolls
 a - 2 scrolls of brand weapon
 j - 3 scrolls of immolation
 l - 15 scrolls of remove curse
 m - 2 scrolls of fear
 q - 6 scrolls of enchant weapon
 t - 2 scrolls of magic mapping
 x - 6 scrolls of fog
 y - a scroll of acquirement
Potions
 d - 4 potions of might
 e - 7 potions of curing
 g - a potion of resistance
 n - 9 potions of flight
 p - 2 potions of magic
 r - 4 potions of heal wounds
 s - 7 potions of ambrosia
 z - 4 potions of brilliance
 F - a potion of mutation
 J - a potion of invisibility {unknown}
 O - a potion of cancellation
 T - 2 potions of agility
 U - 4 potions of lignification {unknown}
Books
 L - a manual of Dodging
Miscellaneous
 w - a lamp of fire
 X - a lamp of fire
Comestibles
 f - 42 rations


   Skills:
 + Level 13.5(18.5) Fighting
 * Level 19.4(24.4) Polearms
 + Level 1.0(6.0) Throwing
 + Level 10.5(15.5) Armour
 + Level 6.6(11.6) Dodging
 + Level 2.6(7.6) Stealth
 - Level 9.4(14.4) Shields
 - Level 9.2 Invocations
 + Level 0.9 Evocations


You had 12 spell levels left.
You knew the following spells:

 Your Spells              Type           Power        Failure   Level  Hunger
a - Regeneration          Chrm/Necr      #.........   99%         3    ####...

Your spell library contained the following spells:

 Spells                   Type           Power        Failure   Level  Hunger
 Confusing Touch          Hex            #.....       88%         1    ##.....
 Corona                   Hex            #......      88%         1    ##.....
 Infusion                 Chrm           #...         88%         1    ##.....
 Magic Dart               Conj           #...         88%         1    ##.....
 Sandblast                Erth           #.....       88%         1    ##.....
 Summon Small Mammal      Summ           #...         88%         1    ##.....
 Call Imp                 Summ           #.......     96%         2    ###....
 Passwall                 Tmut/Erth      #.......     96%         2    ###....
 Searing Ray              Conj           #.....       96%         2    ###....
 Shroud of Golubria       Chrm/Tloc      #.........   96%         2    ###....
 Slow                     Hex            #.......     96%         2    ###....
 Song of Slaying          Chrm           #.......     96%         2    ###....
 Call Canine Familiar     Summ           #.......     99%         3    ####...
 Conjure Flame            Conj/Fire      #.......     99%         3    ####...
 Dazzling Spray           Conj/Hex       #.....       99%         3    ####...
 Inner Flame              Hex/Fire       #.......     99%         3    ####...
 Mephitic Cloud           Conj/Pois/Air  #.......     99%         3    ####...
 Portal Projectile        Hex/Tloc       #.....       99%         3    ####...
 Spectral Weapon          Hex/Chrm       #.......     99%         3    ####...
 Stone Arrow              Conj/Erth      #.....       99%         3    ####...
 Summon Guardian Golem    Hex/Summ       #.......     99%         3    ####...
 Cause Fear               Hex            #.........   100%        4    #####..
 Force Lance              Conj/Tloc      #.......     100%        4    #####..
 Fulminant Prism          Conj/Hex       #.........   100%        4    #####..
 Iskenderun's Mystic Bla  Conj           #.......     100%        4    #####..
 Leda's Liquefaction      Hex/Erth       #.........   100%        4    #####..
 Petrify                  Tmut/Erth      #.......     100%        4    #####..
 Summon Ice Beast         Ice/Summ       #.......     100%        4    #####..
 Summon Lightning Spire   Summ/Air       #.......     100%        4    #####..
 Bolt of Magma            Conj/Fire/Erth #.........   100%        5    ######.
 Iskenderun's Battlesphe  Conj/Chrm      #.......     100%        5    ######.
 Lee's Rapid Deconstruct  Erth           #.........   100%        5    ######.
 Venom Bolt               Conj/Pois      #.........   100%        5    ######.
 Iron Shot                Conj/Erth      #.........   100%        6    #######
 Statue Form              Tmut/Erth      #........    100%        6    #######
 Orb of Destruction       Conj           #.........   100%        7    #######
 Spellforged Servitor     Conj/Summ      #.........   100%        7    #######
 Shatter                  Erth           #.........   100%        9    #######
 Blink                    Tloc           Unusable     N/A         2    N/A

Dungeon Overview and Level Annotations

Branches:
Dungeon (14/15)            Temple (1/1) D:4            Lair (6/6) D:11
  Swamp (3/4) Lair:3        Snake (0/4) Lair:3        Slime (0/5) Lair:5
    Orc (0/2) D:11         Vaults (0/5) D:13

Altars:
Ashenzari
Cheibriados
Dithmenos
Elyvilon
Fedhas
Gozag
Hepliaklqana
Kikubaaqudgha
Makhleb
Nemelex Xobeh
Okawaru
Qazlal
Ru
Sif Muna
Trog
Wu Jian
Xom
Yredelemnul
Zin
The Shining One

Shops:
D:5 (   D:11 }   D:13 *

Annotations:
D:3 3 runed translucent doors, Leeroy's ghost, amateur DrCj


Innate Abilities, Weirdness & Mutations

You cannot be hasted, slowed, berserked, paralysed or teleported.
You can dig through walls and to a lower floor.
Your four strong arms can wield two-handed weapons with a shield.
You have a pair of large antennae on your head. (SInv)


Message History

You puncture the alligator!
You kill the alligator!
Okawaru accepts your kill. You block the death drake's attack.
You block the hornet's attack. The swamp worm barely misses you.
You block the swamp worm's attack.
You are feeling hungry.
You impale the swamp worm!!
Lightning courses through the swamp worm!
You kill the swamp worm!
Okawaru accepts your kill.
You feel sick.
A slime creature comes into view.
The alligator bites you!!
* * * LOW HITPOINT WARNING * * *
The alligator tail-slaps you but does no damage.
Your plate armour prevents you from hitting the swamp worm.
You block the hornet's attack. The death drake barely misses you.
The swamp worm throws harpoon shot at you.
The harpoon shot hits you.
You die...

....≈≈≈≈≈.♣♣≈≈≈...≈≈≈≈≈≈≈≈≈≈≈≈.≈.
≈≈..≈≈≈≈≈.♣.≈≈....≈≈≈≈≈≈.≈≈≈≈≈.♣≈
≈≈..≈≈≈≈≈...≈≈≈..≈≈≈≈..≈.≈≈≈...♣♣
≈≈§..≈≈≈≈≈≈v.<..≈≈≈≈.♣♣♣♣≈≈≈§.^≈.
≈≈≈...≈≈≈≈≈≈...≈≈≈≈≈.≈♣♣♣≈..≈≈≈≈≈
≈≈≈.≈≈≈≈≈≈≈≈≈≈.≈≈≈≈≈≈..♣♣♣♣♣....≈
≈≈≈≈≈≈≈≈≈...♣♣.≈≈..≈≈≈≈....≈♣♣.§.
≈§.≈≈≈≈...♣≈>≈≈wk†.≈≈≈≈≈≈...*♣♣♣.
♣♣♣≈≈≈≈≈♣♣♣♣≈..)@t♣≈≈≈≈.≈≈≈[** ♣≈
♣.§≈≈≈.♣...≈..≈yw♣*≈.≈.≈.≈≈≈* ♣≈
♣♣♣...♣♣.≈≈≈..≈≈≈.♣*♣♣≈♣..,≈**♣≈
♣♣♣♣♣≈..≈≈≈.§≈≈≈.♣*♣♣♣♣≈≈,,,♣.
**,,v....w..≈≈≈.♣♣≈****≈,,≈,♣♣
**,,,.≈....≈≈≈≈.♣♣≈≈≈*≈*,≈,***
***,,,,.≈/J..≈≈≈≈≈.*≈≈≈≈≈≈,,**
≈≈,,≈≈≈≈≈J≈..≈≈≈..≈♣≈≈≈≈≈*,,****
≈≈,,≈≈,≈§≈≈≈,≈≈≈,,≈*≈≈≈≈**≈,≈≈≈*


You could see a death drake, an alligator, 2 slime creatures, 3 swamp worms, a
hornet and an insubstantial wisp.

Vanquished Creatures
  Rupert (Lair:4)
  2 thorn hunters (Swamp:2)
  Roxanne (Swamp:2)
  Snorg (Lair:4)
  8 vault guards (D:13)
  5 catoblepae (Lair:6)
  Erolcha (D:9)
  9 hydras
  2 shambling mangroves (Swamp:2)
  2 ghost crabs
  A two-headed ogre (D:13)
  7 alligators
  A centaur warrior (D:14)
  7 death yaks (Lair:6)
  3 unseen horrors
  A spriggan druid (Swamp:3)
  3 skeletal warriors (D:14)
  A phantasmal warrior (Swamp:3)
  Pikel (D:6)
  A harpy (shapeshifter) (D:13)
  A wizard (D:14)
  A deep elf mage (D:14)
  2 ugly things
  5 cyclopes
  2 oklob plants (Lair:5)
  5 elephants (Lair:6)
  3 manticores
  A molten gargoyle (D:11)
  3 black mambas
  Psyche (D:10)
  A freezing wraith (D:14)
  2 rime drakes
  A gargoyle (D:11)
  9 spiny frogs
  A swamp worm zombie (Swamp:3)
  9 komodo dragons
  2 trolls (D:11)
  2 polar bears
  7 blink frogs
  15 hornets
  Prince Ribbit (D:8)
  6 tyrant leeches
  14 slime creatures
  7 bog bodies
  2 dream sheep (D:9)
  9 hippogriffs
  4 shadows
  Sigmund (D:3)
  2 alligator zombies (Swamp:3)
  9 spriggans
  2 wyverns
  2 wraiths
  67 yaks
  A basilisk (Lair:3)
  A hungry ghost (D:13)
  10 vampire mosquitoes
  A steam dragon (D:9)
  5 insubstantial wisps (Swamp:3)
  3 wargs (D:11)
  4 nagas (Lair:3)
  12 swamp worms
  2 spiny frog zombies (Swamp:3)
  2 soldier ants
  4 porcupines
  7 water moccasins
  4 ice beasts
  9 orc warriors
  2 sky beasts
  A hornet zombie (D:10)
  7 swamp drakes
  2 eyes of draining
  2 phantoms
  3 necrophages
  3 black bears
  6 ogres
  21 wolves
  10 centaurs
  7 crocodiles
  5 big kobolds
  12 bullfrogs
  5 scorpions
  A spriggan zombie (Swamp:3)
  4 killer bees (D:10)
  An electric eel (Lair:3)
  14 wights
  6 howler monkeys
  3 crimson imps
  2 centaur zombies
  A bullfrog zombie (D:7)
  A wyvern simulacrum (D:14)
  2 quasits
  5 hounds
  8 jellies
  13 orc priests
  4 centaur skeletons
  20 orc wizards
  3 bullfrog skeletons
  4 iguanas
  Terence (D:3)
  5 worker ants
  A hound zombie (D:6)
  A hound skeleton (D:7)
  2 worker ant zombies
  16 adders
  7 gnolls
  3 shadow imps
  3 oozes (Lair:5)
  2 adder zombies
  4 worms
  A dart slug (D:2)
  5 leopard geckos
  62 orcs
  7 bats
  5 giant cockroaches
  9 hobgoblins
  9 jackals
  3 quokkas
  2 ball pythons
  10 frilled lizards
  5 goblins
  17 kobolds
  2 quokka skeletons
  12 rats
  A plant (Lair:5)
695 creatures vanquished.

Vanquished Creatures (others)
  A hornet (Swamp:2)
  2 vampire mosquitoes (Swamp:3)
  A kobold (D:12)
  2 briar patches (Swamp:2)
  A fungus (Lair:6)
  2 plants
9 creatures vanquished.

Grand Total: 704 creatures vanquished

Notes
Turn   | Place    | Note
-------+----------+-------------------------------------------
     0 | D:1      | Kairos the Formicid Fighter began the quest for the Orb.
     0 | D:1      | Reached XP level 1. HP: 18/18 MP: 1/1
    54 | D:1      | Reached XP level 2. HP: 19/24 MP: 2/2
   273 | D:1      | Reached XP level 3. HP: 27/29 MP: 3/3
   981 | D:2      | Found a snail-covered altar of Cheibriados.
  1020 | D:2      | Found a deep blue altar of Sif Muna.
  1161 | D:2      | Noticed an ogre
  1171 | D:2      | Killed an ogre
  1171 | D:2      | Reached skill level 3 in Polearms
  1171 | D:2      | Reached XP level 4. HP: 12/37 MP: 4/4
  1171 | D:2      | Reached XP level 5. HP: 13/42 MP: 5/5
  2029 | D:3      | Found a stormy altar of Qazlal.
  2248 | D:3      | Noticed Sigmund
  2259 | D:3      | Killed Sigmund
  2259 | D:3      | Reached skill level 4 in Polearms
  2259 | D:3      | Reached XP level 6. HP: 29/48 MP: 6/6
  2476 | D:3      | Noticed Terence
  2478 | D:3      | Found a runed translucent gate.
  2478 | D:3      | Found a runed translucent gate.
  2478 | D:3      | Found a runed translucent gate.
  2478 | D:3      | Noticed Leeroy's ghost (amateur DrCj)
  2492 | D:3      | Killed Terence
  2492 | D:3      | Reached skill level 5 in Shields
  2685 | D:3      | Reached XP level 7. HP: 54/54 MP: 7/7
  2832 | D:3      | Found a deep blue altar of Sif Muna.
  2875 | D:3      | Identified Sif Muna's Grimoire of Malediction
  3038 | D:4      | Reached skill level 5 in Polearms
  3089 | D:4      | Noticed a green death
  3090 | D:4      | Found a burning altar of Makhleb.
  3093 | D:4      | Found a glowing silver altar of Zin.
  3093 | D:4      | Noticed an angel
  3122 | D:4      | Found an ornate altar of the Wu Jian Council.
  3236 | D:4      | Found a staircase to the Ecumenical Temple.
  3256 | Temple   | Entered the Ecumenical Temple
  3303 | Temple   | Became a worshipper of Warmaster Okawaru
  3392 | D:4      | Found a glowing golden altar of the Shining One.
  3547 | D:4      | Found an ancient bone altar of Kikubaaqudgha.
  3695 | D:4      | Found a shadowy altar of Dithmenos.
  3698 | D:4      | Found a basalt altar of Yredelemnul.
  3715 | D:4      | Reached skill level 6 in Polearms
  3715 | D:4      | Reached XP level 8. HP: 39/61 MP: 8/8
  4031 | D:5      | Entered Level 5 of the Dungeon
  4114 | D:5      | Reached * piety under Okawaru
  4114 | D:5      | Reached skill level 1 in Dodging
  4222 | D:5      | Reached skill level 5 in Armour
  4260 | D:5      | Found Sisocogu's Weapon Boutique.
  4742 | D:6      | Reached skill level 5 in Fighting
  4771 | D:6      | Reached skill level 7 in Polearms
  4943 | D:6      | Reached ** piety under Okawaru
  4943 | D:6      | Reached XP level 9. HP: 55/68 MP: 9/9
  4987 | D:6      | Noticed Pikel
  5037 | D:6      | Killed Pikel
  5037 | D:6      | Reached skill level 8 in Polearms
  6427 | D:8      | Reached skill level 9 in Polearms
  6475 | D:8      | Reached XP level 10. HP: 69/76 MP: 10/10
  6522 | D:8      | Noticed Prince Ribbit
  6537 | D:8      | Killed Prince Ribbit
  6537 | D:8      | Reached *** piety under Okawaru
  6971 | D:8      | Found a blossoming altar of Fedhas.
  6972 | D:8      | Found a shimmering altar of Xom.
  7263 | D:8      | Reached skill level 10 in Polearms
  7614 | D:9      | Noticed Erolcha
  7633 | D:9      | Killed Erolcha
  7633 | D:9      | Reached **** piety under Okawaru
  7674 | D:9      | Reached skill level 1 in Invocations
  7864 | D:9      | Reached skill level 11 in Polearms
  7881 | D:9      | Reached XP level 11. HP: 75/83 MP: 12/12
  7900 | D:9      | Reached ***** piety under Okawaru
  8073 | D:9      | Reached skill level 12 in Polearms
  8183 | D:9      | Noticed a two-headed hydra
  8204 | D:9      | Killed a two-headed hydra
  8390 | D:10     | Entered Level 10 of the Dungeon
  8626 | D:10     | Noticed Psyche
  8634 | D:10     | Killed Psyche
  8962 | D:10     | Noticed an unseen horror
  8974 | D:10     | Killed an unseen horror
  9185 | D:10     | Reached skill level 5 in Invocations
  9442 | D:11     | You fall through a shaft for 3 floors!
  9442 | D:14     | Noticed a cyclops
  9460 | D:14     | Noticed a skeletal warrior
  9462 | D:14     | Noticed a skeletal warrior
  9467 | D:14     | Killed a cyclops
  9467 | D:14     | Reached skill level 13 in Polearms
  9467 | D:14     | Reached XP level 12. HP: 44/91 MP: 9/15
  9476 | D:14     | Killed a skeletal warrior
  9489 | D:14     | Killed a skeletal warrior
  9709 | D:14     | Noticed a skeletal warrior
  9734 | D:14     | Killed a skeletal warrior
  9970 | D:14     | Received a gift from Okawaru
  9999 | D:14     | Reached ****** piety under Okawaru
 10123 | D:14     | Noticed a centaur warrior
 10136 | D:14     | Killed a centaur warrior
 10360 | D:14     | Reached skill level 14 in Polearms
 10684 | D:13     | Noticed a two-headed ogre
 10693 | D:13     | Killed a two-headed ogre
 10840 | D:13     | Found a gate to the Vaults.
 10840 | D:13     | Noticed a vault guard
 10840 | D:13     | Noticed a vault guard
 10840 | D:13     | Noticed a vault guard
 10840 | D:13     | Noticed a vault guard
 10840 | D:13     | Noticed a vault guard
 10840 | D:13     | Noticed a vault guard
 10840 | D:13     | Noticed a vault guard
 10840 | D:13     | Noticed a vault guard
 10853 | D:13     | Killed a vault guard
 10870 | D:13     | Killed a vault guard
 10878 | D:13     | Killed a vault guard
 10878 | D:13     | Reached XP level 13. HP: 65/99 MP: 11/18
 10882 | D:13     | Killed a vault guard
 10898 | D:13     | Killed a vault guard
 10904 | D:13     | Killed a vault guard
 10904 | D:13     | Reached skill level 15 in Polearms
 10909 | D:13     | Killed a vault guard
 10909 | D:13     | Received a gift from Okawaru
 10929 | D:13     | Killed a vault guard
 10929 | D:13     | Reached skill level 1 in Throwing
 10938 | D:13     | Got an opal-encrusted scale mail {god gift}
 10949 | D:13     | Identified the +6 scale mail "Ocluty Icho" {rC+ Dex+2}
                  | (Okawaru gifted it to you on level 13 of the Dungeon)
 11125 | D:13     | Found a shimmering altar of Xom.
 11132 | D:13     | Found a shimmering altar of Xom.
 11132 | D:13     | Found a shimmering altar of Xom.
 11264 | D:13     | Reached skill level 1 in Stealth
 11537 | D:13     | Found Pekloh's Elemental Accessories.
 11844 | D:12     | Learned a level 3 spell: Regeneration
 12518 | D:12     | Reached skill level 16 in Polearms
 12700 | D:11     | Found a staircase to the Orcish Mines.
 12909 | D:11     | Found a staircase to the Lair.
 13092 | D:11     | Noticed a four-headed hydra
 13092 | D:11     | Found Jicaman's Gadget Shop.
 13244 | D:11     | Killed a four-headed hydra
 13244 | D:11     | Received a gift from Okawaru
 13244 | D:11     | Reached XP level 14. HP: 78/109 MP: 9/20
 13257 | D:11     | Got a pair of faintly glowing gloves {god gift}
 13263 | D:11     | Identified the +0 pair of gloves "Uske" {rCorr} (Okawaru
                  | gifted it to you on level 11 of the Dungeon)
 13288 | D:11     | Reached skill level 10 in Fighting
 14020 | Lair:1   | Entered Level 1 of the Lair of Beasts
 15783 | Lair:3   | Found a staircase to the Snake Pit.
 16065 | Lair:3   | Reached skill level 17 in Polearms
 16624 | Lair:3   | Found a staircase to the Swamp.
 17562 | Lair:4   | Noticed Rupert
 17565 | Lair:4   | Received a gift from Okawaru
 17590 | Lair:4   | Killed Rupert
 17850 | Lair:4   | Noticed Snorg
 17876 | Lair:4   | Killed Snorg
 18072 | Lair:4   | Reached XP level 15. HP: 115/119 MP: 21/21
 18534 | Lair:5   | Found a staircase to the Slime Pits.
 18665 | Lair:5   | You fall through a shaft!
 18665 | Lair:6   | Entered Level 6 of the Lair of Beasts
 19265 | Lair:6   | Identified a scroll of acquirement
 19886 | Lair:6   | Received a gift from Okawaru
 19886 | Lair:6   | Reached skill level 18 in Polearms
 19926 | Lair:6   | Reached skill level 5 in Dodging
 19931 | Lair:6   | Reached skill level 10 in Armour
 20688 | Swamp:1  | Entered Level 1 of the Swamp
 21450 | Swamp:2  | Reached XP level 16. HP: 129/129 MP: 22/22
 21812 | Swamp:2  | Noticed Roxanne
 21824 | Swamp:2  | Received a gift from Okawaru
 21871 | Swamp:2  | Killed Roxanne
 22170 | Swamp:2  | Noticed a thorn hunter
 22187 | Swamp:2  | Killed a thorn hunter
 22742 | Swamp:2  | Reached skill level 19 in Polearms
 23439 | Swamp:2  | Noticed a thorn hunter
 23453 | Swamp:2  | Killed a thorn hunter
 23453 | Swamp:2  | Received a gift from Okawaru
 24303 | Swamp:3  | HP: 5/131 [alligator[a spriggan druid] (32)]
 24304 | Swamp:3  | Killed from afar by a swamp worm

Skill      XL: |  1  2  3  4  5  6  7  8  9 10 11 12 13 14 15 16 |
---------------+-------------------------------------------------+-----
Shields        | 4 5 6 8 9 |  9.4
Polearms       | 3 4 6 7 9 11 13 14 16 17 18 19 | 19.4
Armour         | 4 5 6 7 8 9 10 | 10.5
Fighting       | 4 5 6 7 8 9 11 12 13 | 13.5
Dodging        | 1 2 3 4 5 6 |  6.6
Invocations    | 2 5 6 8 9 |  9.2
Throwing       | 1 |  1.0
Stealth        | 1 2 |  2.6
Evocations     | |  0.9

Action                   |  1- 3 |  4- 6 |  7- 9 | 10-12 | 13-15 | 16-18 || total
-------------------------+-------+-------+-------+-------+-------+-------++-------
Melee: Trident           |   140 |   143 |   560 |   178 |    37 |       ||  1058
       Halberd           |       |       |     1 |   551 |   917 |       ||  1469
       Demon trident     |       |       |       |       |   435 |   349 ||   784
       Glaive            |       |       |       |       |    19 |    12 ||    31
Throw: Tomahawk          |       |       |     4 |     4 |     1 |       ||     9
Invok: Heroism           |       |       |       |    11 |     8 |     6 ||    25
       Finesse           |       |       |       |     4 |     3 |     1 ||     8
 Abil: Dig               |       |       |     9 |     8 |     9 |     2 ||    28
Evoke: Wand              |     4 |     2 |     1 |       |       |       ||     7
  Use: Scroll            |     2 |     3 |    11 |     3 |    15 |     2 ||    36
       Potion            |       |       |       |     3 |     1 |     3 ||     7
  Eat: Chunk             |     1 |     5 |    12 |    11 |    23 |     3 ||    55
       Ration            |       |       |     1 |     1 |     4 |     2 ||     8
Armor: Scale mail        |    12 |       |       |       |   162 |    44 ||   218
       Chain mail        |    32 |    31 |   135 |   137 |     7 |       ||   342
       Plate armour      |       |       |       |       |       |    38 ||    38
Dodge: Dodged            |    40 |    47 |   142 |   162 |   254 |   127 ||   772
Block: Shield            |    68 |    54 |   222 |   276 |   665 |   268 ||  1553
       Reflection        |       |       |       |       |    22 |    10 ||    32
